 Dungeon Crawl Stone Soup version 0.30-a0-799-g109b55a442 (webtiles) character file.

Game seed: 9878228222379936186

22 Esekla the Sneak (level 2, 13/21 HPs)
             Began as an Octopode Delver on Feb 20, 2023.
             Quit the game on level 5 of the Dungeon.
             The game lasted 00:02:21 (132 turns).

Esekla the Sneak (Octopode Delver)                   Turns: 132, Time: 00:02:22

Health: 13/21      AC:  1    Str: 11    XL:     2   Next: 91%
Magic:  2/2        EV: 13    Int: 12    God:
Gold:   9          SH:  0    Dex: 13    Spells: 1/1 levels left

rFire   . . .      SeeInvis .    a - +0 falchion
rCold   . . .      Faith    .    (no shield)
rNeg    . . .      Spirit   .    (helmet restricted)
rPois   .          Reflect  .    (no amulet)
rElec   .          Harm     .    (no ring)
rCorr   .          Rampage  .    (no ring)
Will    .....                    (no ring)
Stlth   ++++                     (no ring)
HPRegen 0.23/turn                (no ring)
MPRegen 0.08/turn                (no ring)
                                 (no ring)
                                 (no ring)

@: no status effects
A: almost no armour, amphibious, 8 rings, camouflage 1, gelatinous body 1,
(nimble swimmer 1), tentacles
a: no special abilities


You were on level 5 of the Dungeon.
You visited 1 branch of the dungeon, and saw 1 of its levels.

You collected 9 gold pieces.

Inventory:

Hand Weapons
 a - a +0 falchion (weapon)
Missiles
 c - a throwing net (quivered)
Wands
 f - a wand of digging (2)
Scrolls
 b - a scroll of fog
 d - a scroll of fear
 g - a scroll of identify {unknown}
Potions
 e - a potion of haste
 h - a potion of flight {unknown}


   Skills:
 * Level 3.2 Fighting
 * Level 2.1 Long Blades
 * Level 2.2 Dodging
 + Level 7.0 Stealth
 * Level 0.4 Spellcasting


You had one spell level left.
You didn't know any spells.
Your spell library was empty.

Dungeon Overview and Level Annotations

Branches:
Dungeon (5/15)
 Temple: D:4-7

Altars:
Ashenzari
Trog


Innate Abilities, Weirdness & Mutations

You cannot wear most types of armour.
You are amphibious.
You can wear up to eight rings at the same time.
Your skin changes colour to match your surroundings (Stealth+).
Your rubbery body absorbs attacks. (AC +1, EV +1)
((You are camouflaged when in or above water. (Stealth+)))
You have tentacles for arms and can constrict up to eight enemies at once.


Message History

The ufetubus shouts!
You hear the slow rusting of a very distant drain.
Found a scroll labelled WOOCUTR NAMOTY.
You miss the ufetubus. Your grab misses the ufetubus.
The ufetubus barely misses you. The ufetubus misses you.
You closely miss the ufetubus. You grab the ufetubus. You squeeze the ufetubus.
The ufetubus is severely wounded.
You constrict the ufetubus.
You kill the ufetubus!
Found a stone staircase leading up.
g - a scroll labelled WOOCUTR NAMOTY
Found an orange potion.
An adder comes into view.
The helpless adder fails to defend itself.
You hit the adder. You grab the adder.
The adder is lightly wounded.
You constrict the adder. The adder barely misses you.
The adder closely misses you.
You barely miss the adder.
The adder is lightly wounded.
You constrict the adder. The adder bites you.
You are poisoned.
The adder poisons you!
You barely miss the adder. You squeeze the adder.
The adder is severely wounded.
You constrict the adder.
You feel sick. The adder bites you. The adder closely misses you.
You hit the adder.
You kill the adder!
You feel sick.
Your Stealth skill increases to level 7!
You feel sick.
You feel sick.
You are no longer poisoned.
h - an orange potion As you open the door, it creaks loudly!
Found 10 gold pieces.
Found a broken altar of Ashenzari.
Found 20 gold pieces.
There is an open door here.
Are you sure you want to abandon this character and quit the game? (Confirm with "yes".)

*,,,,,,,,,,**,,,**,,,,,* ****##.
**,**,,,,..,*..,*,,,,,,##**..,<..
****,,,,$..*#$**,,,,,,......,...
*,***,.$.#.*,,,,####.##.#....
*,,,***.####*,###..#.##.#....
*,,,,.###...*##....#.........
*,,,,...#._.*........##.##.#.
**,,,,**#...###......##.##<#.
**,,***,***#@.###............
***,***,,,,*,#....####.##.##.##
*,,,,,,,,,**,##......#.##......
*,*,,,,,,,*,,,#.....†#.#####...
*,**,,,,,**,,,##...............
***,**,,,,,*,,,,,#.....#.#####..#
*,,,,,,,,,,*,,,,,#.......#* #..#
*,,,,,,*******............# #..#
*,,,,,,,,,,,,,..#.#######.# #..#


There were no monsters in sight!

Vanquished Creatures
  An adder (D:5)
  An ufetubus (D:5)
  3 goblins (D:5)
  A hobgoblin (D:5)
  2 kobolds (D:5)
8 creatures vanquished.

Notes
Turn   | Place    | Note
-------+----------+-------------------------------------------
     0 | D:5      | Esekla the Octopode Delver began the quest for the Orb.
     0 | D:5      | Reached XP level 1. HP: 16/16 MP: 1/1
    64 | D:5      | Found a bloodstained altar of Trog.
    85 | D:5      | Reached XP level 2. HP: 21/21 MP: 2/2
   123 | D:5      | Reached skill level 7 in Stealth
   130 | D:5      | Found a broken altar of Ashenzari.
   132 | D:5      | Quit the game

Illustrated notes

Levels and vault maps discovered:
D:5:      layout_loops_ring, trog_hazing_becter, nicolae_ashenzari_panopticon,
          portal_sewer_entry_b

Skill      XL: |  1  2 |
---------------+-------+-----
Stealth        | 7 |  7.0
Fighting       | |  3.2
Long Blades    | |  2.1
Dodging        | |  2.2
Spellcasting   | |  0.4

Action                     || total
---------------------------++-------
  Melee: Falchion          ||    21
         Constrict         ||     6
         Tentacles         ||     3
  Evoke: Wand              ||     1
    Use: Scroll            ||     1
   Stab: Sleeping          ||     1
 Armour: Skin              ||     1
  Dodge: Dodged            ||    15

Table legend: (Time is in decaauts)
 A = Elapsed time spent in this place.
 B = Non-inter-level travel time spent in this place.
 C = Inter-level travel time spent in this place.
 D = Time resting spent in this place.
 E = Time spent auto-exploring this place.
 F = Levels seen in this place.
 G = Mean time per level.
                   A        B        C        D        E       F      G
               +--------+--------+--------+--------+--------+-----+--------+
         Total |    136 |    136 |      0 |      0 |      0 |   1 |  136.0 |
       Dungeon |    136 |    136 |      0 |      0 |      0 |   1 |  136.0 |
               +--------+--------+--------+--------+--------+-----+--------+

Top non-repeatable levels by time:
     D:5: 136 daAuts
